 Dungeon Crawl Stone Soup version 0.16.0-12-g7215832 (webtiles) character file.

3891 cptnsdns the Fighter (level 10, -8/91 HPs)
             Began as a Hill Orc Abyssal Knight on Mar 18, 2015.
             Was a Priest of Lugonu.
             Mangled by an enchanted long sword (22 damage)
             ... on level 13 of the Dungeon.
             The game lasted 00:45:12 (5414 turns).

cptnsdns the Fighter (Hill Orc Abyssal Knight)      Turns: 5414, Time: 00:45:12

Health: -8/91      AC: 11    Str: 19    XL:     10   Next: 19%
Magic:  20/20      EV: 12    Int: 12    God:    Lugonu [***...]
Gold:   388        SH:  0    Dex: 10    Spells: 0 memorised, 9 levels left

rFire  + + .     SeeInvis +     d - +7 long sword of the Mouth {holy, rF++ SInv}
rCold  . . .     Clarity  .     x - +2 ring mail {rPois}
rNeg   . . .     SustAb   .     (no shield)
rPois  +         Gourm    .     r - +2 helmet
rElec  .         Spirit   .     (no cloak)
rCorr  .         Warding  .     (no gloves)
rMut   .         Stasis   .     (no boots)
MR     .....                    (no amulet)
Stlth  +.........               (no ring)
                                (no ring)

@: not resistant to hostile enchantments, very unstealthy
A: no striking features
a: Depart the Abyss, Bend Space, Banish, Renounce Religion


You were on level 13 of the Dungeon.
You worshipped Lugonu.
Lugonu was most pleased with you.
You were not hungry.

You visited 2 branches of the dungeon, and saw 14 of its levels.
You visited the Abyss 1 time.

You collected 388 gold pieces.

Inventory:

Hand weapons
 a - a +1 mace
 d - the +7 long sword of the Mouth (weapon) {holy, rF++ SInv}
   (You found it on level 2 of the Abyss)

   It has been blessed by the Shining One to cause great damage to the undead
   and demons.
   It greatly protects you from fire.
   It enhances your eyesight.
Armour
 n - a +2 hat
 r - a +2 helmet (worn)
 x - a +2 ring mail of poison resistance (worn)
 y - a +0 robe of cold resistance
 z - a +2 helmet
 K - a +1 leather armour of poison resistance
 L - a +2 ring mail of poison resistance
Jewellery
 o - an uncursed ring of fire {unknown}
 H - an uncursed ring of wizardry {unknown}
 I - a +3 ring of dexterity {unknown}
 P - an uncursed amulet of resist corrosion {unknown}
Magical devices
 b - a wand of enslavement (3)
 h - a wand of enslavement (11)
 j - a wand of digging (11)
 q - a wand of digging (10)
 t - a wand of paralysis (12)
 C - a wand of lightning (0)
 J - a wand of lightning (7)
Scrolls
 f - a scroll of immolation {unknown}
 l - 3 scrolls of amnesia {unknown}
 u - 2 scrolls of recharging {unknown}
 A - a scroll of fear {unknown}
 B - 2 scrolls of remove curse {unknown}
 F - a scroll of torment {unknown}
 M - a scroll of magic mapping {unknown}
 O - a scroll of teleportation {unknown}
Potions
 e - a potion of cancellation {unknown}
 g - a potion of haste {unknown}
 i - 2 potions of curing {unknown}
 k - a potion of restore abilities
 m - a potion of flight {unknown}
 p - 2 potions of poison {unknown}
 v - a potion of mutation {unknown}
 w - a potion of magic {unknown}
 G - a potion of ambrosia {unknown}
 Q - a potion of brilliance {unknown}
Comestibles
 c - 3 bread rations
 D - 5 fruits
 E - a meat ration
 N - 2 beef jerkies


   Skills:
 + Level 9.1 Fighting
 + Level 7.9 Long Blades
 + Level 2.4 Maces & Flails
 + Level 6.9 Armour
 + Level 5.3 Dodging
 + Level 2.2 Stealth
 + Level 6.1 Invocations
 + Level 0.4 Evocations


You had 9 spell levels left.
You didn't know any spells.

Dungeon Overview and Level Annotations

Branches:
Dungeon (13/15)            Temple (1/1) D:5          Vaults (0/5) D:13
   Lair: D:8-11         Orc: D:9-12

Altars:
Cheibriados
Elyvilon
Fedhas
Gozag
Kikubaaqudgha
Makhleb
Nemelex Xobeh
Okawaru
Qazlal
Ru
Sif Muna
Trog
Vehumet
Xom
Yredelemnul
Zin
The Shining One

Annotations:
D:4 cptnsdns' ghost, average HOAK
D:6 Eustachio
D:7 Ijyb
D:10 Erica


Message History

The enchanted long sword hits you!
You barely miss the enchanted long sword.
The enchanted long sword hits you!
You miss the enchanted long sword. The enchanted long sword hits you!
The enchanted long sword hits you!
The enchanted long sword hits you but does no damage.
You hit the enchanted long sword but do no damage.
The enchanted long sword closely misses you. x2
You barely miss the enchanted long sword.
The enchanted long sword closely misses you.
The enchanted long sword hits you but does no damage.
The enchanted long sword hits you. The enchanted long sword hits you!
* * * LOW HITPOINT WARNING * * *
The enchanted long sword hits you!
* * * LOW HITPOINT WARNING * * *
Found 20 poisoned needles.
An orc wizard comes into view. It is wielding an enchanted dagger.
The enchanted long sword closely misses you.
The enchanted long sword hits you!!
You die...

####.# #....# #.#### #.#
####'######### #.#
#......^.....##### ....
#............+... .....
#............#.###.......
#..............(@?.......
#..............(....#####
##+#######........=..(.o
##.........###.
#...#.#..(# #..##.##..#
#..)#∩# ... #..##.# ...
#...#.#


You could see 2 dancing weapons and an orc wizard.

Vanquished Creatures
  2 gargoyles
  5 yaks (D:11)
  A hippogriff (D:11)
  3 vampire mosquitoes (D:12)
  A steam dragon (D:11)
  An orc warrior (D:7)
  A black bear (D:6)
  2 sky beasts
  2 ogres
  A phantom (D:9)
  Duvessa (D:7)
  3 giant frogs
  A scorpion (D:8)
  Dowan (D:7)
  A goliath beetle (D:7)
  A quasit (D:9)
  A crimson imp (D:12)
  A giant frog skeleton (D:5)
  A hound (D:9)
  A centaur skeleton (D:7)
  A centaur zombie (D:8)
  4 orc wizards
  3 orc priests
  An iguana (D:6)
  3 worker ants
  A hound skeleton (D:9)
  5 gnolls
  A shadow imp (D:8)
  2 adders
  2 giant mites (D:5)
  An ufetubus (D:6)
  4 giant geckos
  14 orcs
  A bat skeleton (D:7)
  A bat zombie (D:7)
  2 giant cockroaches
  4 hobgoblins
  4 quokkas
  4 bats
  A giant gecko zombie (D:9)
  4 giant newts
  A goblin (D:1)
  16 jackals
  4 kobolds
  2 quokka skeletons
  A quokka zombie (D:8)
  4 rats
122 creatures vanquished.

Vanquished Creatures (others)
  An ugly thing (D:12)
1 creature vanquished.

Grand Total: 123 creatures vanquished

Notes
Turn   | Place    | Note
--------------------------------------------------------------
     0 | Abyss:1  | cptnsdns, the Hill Orc Abyssal Knight, began the quest for the Orb.
     0 | Abyss:1  | Reached XP level 1. HP: 19/19 MP: 1/1
   117 | Abyss:2  | Got an ichor-stained long sword
   161 | Abyss:2  | Noticed a neqoxec
   191 | Abyss:2  | Noticed an iron imp
   206 | D:1      | Escaped the Abyss
   321 | D:1      | Identified the +7 long sword of the Mouth {holy, rF++ SInv} (You found it on level 2 of the Abyss)
   604 | D:1      | Reached XP level 2. HP: 25/27 MP: 2/2
   723 | D:2      | Reached skill level 4 in Fighting
   724 | D:2      | Reached XP level 3. HP: 33/33 MP: 4/4
   726 | D:2      | Acquired Lugonu's first power
   991 | D:2      | Found an opulent altar of Gozag.
  1126 | D:3      | Reached skill level 1 in Dodging
  1145 | D:3      | Reached skill level 1 in Long Blades
  1145 | D:3      | Reached XP level 4. HP: 39/41 MP: 7/7
  1150 | D:3      | Reached skill level 5 in Fighting
  1176 | D:4      | Noticed an ogre
  1183 | D:4      | Killed an ogre
  1183 | D:4      | Reached XP level 5. HP: 34/48 MP: 9/9
  1190 | D:4      | Noticed an ogre
  1200 | D:4      | Noticed cptnsdns' ghost (average HOAK)
  1208 | D:5      | Entered Level 5 of the Dungeon
  1282 | D:6      | Noticed Eustachio
  1423 | D:5      | Found a staircase to the Ecumenical Temple.
  1431 | Temple   | Entered the Ecumenical Temple
  1561 | D:5      | Found a glowing golden altar of the Shining One.
  1572 | D:5      | Noticed a sky beast
  1603 | D:5      | Killed a sky beast
  1603 | D:5      | Reached XP level 6. HP: 24/56 MP: 11/11
  1876 | D:5      | Acquired Lugonu's second power
  1894 | D:5      | Found a bloodstained altar of Trog.
  1930 | D:5      | Found a white marble altar of Elyvilon.
  1997 | D:6      | Reached skill level 1 in Stealth
  2000 | D:6      | Noticed a black bear
  2012 | D:6      | Reached XP level 7. HP: 51/62 MP: 13/13
  2015 | D:6      | Killed a black bear
  2021 | D:6      | Reached skill level 6 in Fighting
  2241 | D:7      | Noticed Dowan
  2242 | D:7      | Noticed Duvessa
  2252 | D:7      | Killed Duvessa
  2255 | D:7      | Killed Dowan
  2390 | D:7      | Reached XP level 8. HP: 64/71 MP: 15/15
  2403 | D:7      | Reached skill level 5 in Armour
  2921 | D:7      | Found an ancient bone altar of Kikubaaqudgha.
  2925 | D:7      | Found an opulent altar of Gozag.
  2931 | D:7      | Noticed Ijyb
  2971 | D:8      | Acquired Lugonu's third power
  3001 | D:8      | Reached skill level 7 in Fighting
  3001 | D:8      | Reached skill level 5 in Long Blades
  3127 | D:8      | Noticed a gargoyle
  3139 | D:8      | Killed a gargoyle
  3139 | D:8      | Reached skill level 5 in Invocations
  3360 | D:9      | Found a sacrificial altar of Ru.
  3472 | D:9      | Reached XP level 9. HP: 78/80 MP: 17/17
  3838 | D:10     | Entered Level 10 of the Dungeon
  3872 | D:10     | Noticed Erica
  4035 | D:11     | Reached skill level 8 in Fighting
  4186 | D:11     | Noticed a gargoyle
  4187 | D:11     | Killed a gargoyle
  4695 | D:12     | Reached XP level 10. HP: 74/90 MP: 18/18
  4696 | D:12     | Reached skill level 9 in Fighting
  4696 | D:12     | Reached skill level 5 in Dodging
  4972 | D:12     | Noticed a cyan ugly thing
  4983 | D:12     | HP: 2/91 [cyan ugly thing (16)]
  4987 | D:12     | Banished a cyan ugly thing
  5359 | D:13     | Noticed an unseen horror
  5404 | D:13     | Noticed an enchanted long sword
  5406 | D:13     | Found a gate to the Vaults.
  5406 | D:13     | Noticed an enchanted long sword
  5414 | D:13     | Mangled by an enchanted long sword

Action                   |  1- 3 |  4- 6 |  7- 9 | 10-12 || total
-------------------------+-------+-------+-------+-------++-------
Melee: Long sword        |    31 |    69 |   160 |    20 ||   280
Invok: Depart the Abyss  |     1 |       |       |       ||     1
       Banish            |       |       |     1 |     4 ||     5
       Bend Space        |       |       |       |     1 ||     1
Evoke: Wand              |       |       |     3 |     2 ||     5
  Use: Scroll            |     2 |       |     3 |       ||     5
       Potion            |       |       |     2 |     2 ||     4
 Stab: Paralysed         |       |       |     2 |       ||     2
  Eat: Fruit             |       |     4 |       |       ||     4
       Meat ration       |       |       |     1 |     1 ||     2
       Bread ration      |       |       |     1 |       ||     1
